 Dungeon Crawl Stone Soup version 0.29.1-4-g47bece8355 (webtiles) character file.

Game seed: 9911370054742985392

1 LordRotharoth the Trooper (level 1, 0/18 HPs)
             Began as a Barachi Berserker on Dec 8, 2022.
             Was a Follower of Trog.
             Slain by a kobold
             ... wielding a +0 whip
              (5 damage)
             ... on level 1 of the Dungeon.
             The game lasted 00:03:47 (187 turns).

LordRotharoth the Trooper (Barachi Berserker)        Turns: 187, Time: 00:03:48

Health: 0/18       AC:  0    Str: 18    XL:     1   Next: 20%
Magic:  1/1        EV: 12    Int:  7    God:    Trog [*.....]
Gold:   10         SH:  0    Dex: 11    Spells: 0/0 levels left

rFire   . . .      SeeInvis .   a - +0 hand axe
rCold   . . .      Faith    .   (no shield)
rNeg    . . .      Spirit   .   (no body armour)
rPois   .          Reflect  .   (no helmet)
rElec   .          Harm     .   (no cloak)
rCorr   .          Rampage  .   (no gloves)
Will    .....                   (no boots)
Stlth   +.........              (no amulet)
HPRegen 0.06/turn               (no ring)
MPRegen 0.07/turn               (no ring)

@: slow
A: amphibious, slowness 1, strong legs 1, +LOS
a: Hop, Renounce Religion, Berserk


You were on level 1 of the Dungeon.
You worshipped Trog.
Trog was aware of your devotion.
You visited 1 branch of the dungeon, and saw 1 of its levels.

You collected 10 gold pieces.

Inventory:

Hand Weapons
 a - a +0 hand axe (weapon)
Armour
 b - a +0 animal skin
 c - a +0 scale mail


   Skills:
 + Level 3.6 Fighting
 + Level 3.3 Axes
 + Level 2.5 Armour
 + Level 2.2 Dodging


You couldn't memorise any spells.
You didn't know any spells.
Your spell library contained the following spells:

 Spells                   Type           Power      Damage    Failure   Level
 Foxfire                  Conj/Fire      0%         2x1d4     43%         1
 Conjure Flame            Conj/Fire      0%         6-21      80%         3
 Inner Flame              Hex/Fire       0%         N/A       80%         3
 Flame Wave               Conj/Fire      0%         2d4       99%         4


Dungeon Overview and Level Annotations

Branches:
Dungeon (1/15)

Altars:


Innate Abilities, Weirdness & Mutations

You are amphibious.
You cover ground slowly.
You can hop short distances.
You have an extended range of vision and can be seen from far away.


Message History

The bat hits you.
Keep disrobing? [Y]es or [N]o only, please.
Keep disrobing? [Y]es or [N]o only, please.
Keep disrobing? [Y]es or [N]o only, please.
Keep disrobing?
You continue taking off your +0 animal skin.
The bat closely misses you. The bat hits you but does no damage.
The bat barely misses you.
You continue taking off your +0 animal skin.
The bat hits you but does no damage.
You finish taking off your +0 animal skin.
A bat is nearby!
The bat barely misses you. The bat hits you. The bat misses you.
Okay, then.
Okay, then.
The bat barely misses you.
Unknown command.
The bat barely misses you. The bat misses you.
You hit the bat but do no damage. The bat hits you. The bat hits you.
The bat misses you. The bat barely misses you.
You completely miss the bat. The bat closely misses you.
A kobold comes into view. It is wielding a +0 whip.
The bat barely misses you. The bat hits you.
The kobold throws a stone.
The stone barely misses you. The bat misses you.
You closely miss the bat. The bat hits you. The bat barely misses you.
The kobold throws a stone.
The stone hits you.
You miss the bat. The bat barely misses you. The bat hits you.
* * * LOW HITPOINT WARNING * * *
The bat hits you.
* * * LOW HITPOINT WARNING * * *
A kobold is nearby!
The kobold hits you with a +0 whip.
You die...

#.#..)...# #.#§§§..#..~.
#.#.#..#.########§§§§........
#.#....#.#.....####§§..#.....
#.#.##.#.#.....# #§§#.#.....
#......#.#.....# #....#..#..
#........#.....# ####....##.
#........#.....# #.......
#...#.##.###.### #.......
#.....##.###@### #.####.##
#..##........K.# #. #.#
#..##.##.#####.# .#
#..............####.#
#####.##.##.K.......#
#...#.##.#..######
#...........# ...#.......#
###.###..##


You could see a kobold.

Vanquished Creatures
  2 frilled lizards (D:1)
2 creatures vanquished.

Notes
Turn   | Place    | Note
-------+----------+-------------------------------------------
     0 | D:1      | LordRotharoth the Barachi Berserker began the quest for the
                  | Orb.
     0 | D:1      | Reached XP level 1. HP: 18/18 MP: 1/1
   187 | D:1      | Slain by a kobold

Illustrated notes

Levels and vault maps discovered:
D:1:      dpeg_arrival_more_subterranean_lakeside_camping, layout_loops_cross

Action                   || total
-------------------------++-------
Melee: Hand axe          ||    16
  Use: Scroll            ||     2
Armor: Animal skin       ||     4
Dodge: Dodged            ||    20
